AoeStats
← miguelon01

Arena

509499668Analyzed
4v4 RM · 5d ago on Sep 27, 2026· 39m 17s· 8 players
Game mode
Random Map
Map size
Large (8 player)
Population
200
Speed
Normal
Resources
Standard
Victory
Conquest
Starting age
Dark Age
Ending age
Imperial Age
RankedLock teamsTeams togetherTeam positionsShared explorationLock speedFull tech treeHidden civsTurbo modeCheats
Victory
Defeat
🇨🇳 Saracens · China
1424
+6
🇨🇳 Persians · China
1306
+10
1156
+16
🇨🇳 Britons · China
972
+22
🇧🇷 Burgundians · Brazil
1168
-14
🇮🇹 Huns · Italy
1161
-14
🇨🇴 Vietnamese · Colombia
1142
-13
1142
-13
Tikka Masala
11:05 Feudal Age
14:49 Castle Age
12:45 Double-Bit Axe
13:29 Horse Collar
17:01 Bow Saw
21:27 Gold Mining
22:21 Heavy Plow
23:38 Wheelbarrow
23:58 Fletching
24:55 Hand Cart
24:27 Loom
28:36 Imperial Age
26:28 Thumb Ring
26:49 Bodkin Arrow
27:53 Ballistics
27:41 Scale Barding Armor
29:27 Chain Barding Armor
28:39 Heavy Cavalry Archer
29:24 Bracer
30:08 Gold Shaft Mining
30:26 Parthian Tactics
31:15 Chemistry
30:24 Pikeman
31:05 Squires
33:40 Caravan
36:37 Careening
36:23 Murder Holes
投降输一半 行不行?
10:57 Feudal Age
14:35 Castle Age
12:44 Double-Bit Axe
13:05 Horse Collar
13:20 Gold Mining
17:11 Loom
18:58 Forging
22:00 Scale Mail Armor
23:44 Fletching
25:04 Bodkin Arrow
26:35 Town Watch
Zombie
12:02 Feudal Age
17:34 Castle Age
15:31 Double-Bit Axe
15:30 Horse Collar
18:36 Bow Saw
18:34 Heavy Plow
26:02 Loom
29:01 Wheelbarrow
35:50 Imperial Age
miguelon01
5:46 Double-Bit Axe
10:15 Horse Collar
13:05 Feudal Age
11:50 Gold Mining
17:58 Castle Age
17:52 Bow Saw
19:12 Wheelbarrow
19:05 Heavy Plow
21:26 Gold Shaft Mining
超人不是我
11:14 Feudal Age
11:25 Feudal Age
13:15 Wheelbarrow
13:00 Loom
16:24 Castle Age
15:30 Double-Bit Axe
15:42 Stone Mining
16:04 Gold Mining
21:29 Bow Saw
21:27 Horse Collar
23:56 Heavy Plow
31:25 Gold Shaft Mining
35:38 Imperial Age
34:04 Yeomen
35:53 Fletching
36:03 Padded Archer Armor
36:38 Hand Cart
37:02 Conscription
37:08 Conscription
36:17 Elite Longbowman
38:06 Chemistry
38:23 Gold Shaft Mining
38:26 Ballistics
38:08 Bodkin Arrow
38:28 Leather Archer Armor
38:16 Treadmill Crane
39:45 Bracer
40:16 Ring Archer Armor
860
10:21 Feudal Age
13:56 Castle Age
12:20 Double-Bit Axe
12:19 Horse Collar
15:08 Bow Saw
23:45 Wheelbarrow
24:23 Heavy Plow
25:35 Loom
25:40 Town Watch
26:13 Hand Cart
25:44 Town Watch
25:55 Gold Mining
29:11 Imperial Age
27:09 Forging
27:05 Scale Barding Armor
27:39 Gold Shaft Mining
26:54 Stone Mining
30:05 Husbandry
30:16 Bloodlines
30:35 Conscription
31:18 Elite War Elephant
34:22 Chain Barding Armor
34:38 Iron Casting
36:00 Plate Barding Armor
39:16 Crop Rotation
活在故事里的骑士
10:33 Feudal Age
14:20 Castle Age
12:36 Double-Bit Axe
12:58 Horse Collar
22:35 Fletching
02288
9:31 Feudal Age
13:50 Castle Age
11:59 Horse Collar
12:44 Double-Bit Axe
15:25 Heavy Plow
21:45 Bow Saw
22:38 Wheelbarrow
22:18 Loom
24:33 Hand Cart
28:12 Imperial Age
26:20 Scale Barding Armor
26:16 Gold Mining
27:02 Forging
27:09 Bloodlines
26:59 Husbandry
26:59 Stone Mining
27:45 Husbandry
28:11 Chain Barding Armor
28:59 Coinage
30:10 Banking
30:10 Conscription
29:54 Caravan
30:01 Onager
32:14 Bimaristan
31:28 Siege Onager
33:11 Gold Shaft Mining
32:34 Town Watch
33:00 Fletching
33:32 Ballistics
34:13 Chemistry
33:12 Murder Holes
35:41 Elite Mameluke
38:18 Plate Barding Armor
38:18 Iron Casting
37:39 Bodkin Arrow
39:47 Hoardings
Connection lost

Rejoining the realm…

Still unreachable

The connection could not be restored.

Session expired

The server has moved on; the page needs a fresh start.